 Dungeon Crawl Stone Soup version 0.27-a0-488-g88baaf19db (webtiles) character file.

Game seed: 10429752114221688179

101 Klosterheim the Charlatan (level 4, 0/34 HPs)
             Began as a Demonspawn Artificer on Mar 1, 2021.
             Slain by Crazy Yiuf
             ... wielding a +2 quarterstaff of chaos
              (12 damage)
             ... on level 2 of the Dungeon on Mar 2, 2021.
             The game lasted 00:03:17 (3031 turns).

Klosterheim the Charlatan (Demonspawn Artificer)    Turns: 3031, Time: 00:03:17

Health: 0/34       AC:  3    Str: 13    XL:     4   Next: 48%
Magic:  4/4        EV: 12    Int: 12    God:
Gold:   54         SH:  0    Dex: 14    Spells: 3/3 levels left

rFire    . . .     SeeInvis .   n - +0 dagger (drain)
rCold    . . .     Faith    .   (no shield)
rNeg     . . .     Spirit   .   b - +0 leather armour
rPois    .         Reflect  .   (no helmet)
rElec    .         Harm     .   (no cloak)
rCorr    .         Rampage  .   (no gloves)
Will     .....                  (no boots)
Stlth    ++........             (no amulet)
HPRegen  0.11/turn              (no ring)
MPRegen  0.09/turn              (no ring)

@: no status effects
A: sturdy frame 1
a: no special abilities


You were on level 2 of the Dungeon.
You visited 1 branch of the dungeon, and saw 2 of its levels.

You collected 54 gold pieces.

Inventory:

Hand Weapons
 a - a +0 club
 n - a +0 dagger of draining (weapon)
Armour
 b - a +0 leather armour (worn)
Jewellery
 m - an amulet of magic regeneration
Wands
 c - a wand of flame (8) (quivered)
 d - a wand of charming (15)
 e - a wand of random effects (15)
Scrolls
 f - 3 scrolls of identify {unknown}
 j - a scroll of immolation {unknown}
 l - a scroll of enchant armour {unknown}
Potions
 g - a potion of heal wounds {unknown}
 h - a potion of lignification {unknown}
 i - a potion of curing {unknown}
 k - a potion of flight {unknown}
 o - 3 potions of berserk rage {unknown}


   Skills:
 + Level 2.5 Fighting
 + Level 2.8 Armour
 + Level 2.3 Dodging
 - Level 0.8 Stealth
 - Level 3.0 Evocations


You had 3 spell levels left.
You didn't know any spells.
Your spell library was empty.

Dungeon Overview and Level Annotations

Branches:
Dungeon (2/15)

Altars:

Annotations:
D:2 Crazy Yiuf


Innate Abilities, Weirdness & Mutations

Your movements are slightly less encumbered by armour. (ER -2)


Message History

You hit Crazy Yiuf but do no damage. You drain Crazy Yiuf.
Crazy Yiuf is lightly wounded.
Crazy Yiuf screams, "Goldfish!"
Crazy Yiuf hits you with a +2 quarterstaff of chaos!
Crazy Yiuf freezes you.
You hit Crazy Yiuf but do no damage. You drain Crazy Yiuf.
Crazy Yiuf is moderately wounded.
Crazy Yiuf misses you.
You hit Crazy Yiuf but do no damage. You drain Crazy Yiuf.
Crazy Yiuf is heavily wounded.
Crazy Yiuf misses you.
You barely miss Crazy Yiuf.
Crazy Yiuf is heavily wounded.
Crazy Yiuf grits, "Fire!"
Crazy Yiuf hits you with a +2 quarterstaff of chaos.
Crazy Yiuf burns you.
You hit Crazy Yiuf.
Crazy Yiuf is severely wounded.
Crazy Yiuf whimpers, "Line!
Lay dark hand."
Crazy Yiuf hits you but does no damage.
You hit Crazy Yiuf. You drain Crazy Yiuf.
Crazy Yiuf is almost dead.
You hit Crazy Yiuf but do no damage.
Crazy Yiuf is almost dead.
Crazy Yiuf closely misses you.
You closely miss Crazy Yiuf.
Crazy Yiuf is almost dead.
Crazy Yiuf barely misses you.
You hit Crazy Yiuf but do no damage. You drain Crazy Yiuf.
Crazy Yiuf is almost dead.
Crazy Yiuf says, "Liver horse stair!"
Crazy Yiuf barely misses you.
You hit Crazy Yiuf but do no damage.
Crazy Yiuf is almost dead.
Crazy Yiuf completely misses you.
You hit Crazy Yiuf but do no damage.
Crazy Yiuf is almost dead.
Crazy Yiuf hits you with a +2 quarterstaff of chaos.
You are electrocuted!
You die...

#.# #.......#....# #.#
#.......#....# #.#
#.......#..... ###
######..#...[.
#..#.....
♣♣♣♣♣##..#...[. ###
♣♣♣.♣.)#)#.......
#...#♣..♣.PP))).####'#
#...g@♣♣♣♣)P))..# #.#
#)..#♣♣ ♣♣)#))## #..
### ♣♣#### #.. #..
###.. ### #.... #.#
#.... #.# #.... #.#
#....


You could see Crazy Yiuf (drained).

Vanquished Creatures
  Jessica (D:2)
  2 adders (D:2)
  An ooze (D:1)
  3 worms (D:2)
  2 dart slugs
  A leopard gecko (D:2)
  4 giant cockroaches
  3 goblins
  6 hobgoblins
  5 kobolds
  3 bats (D:1)
  4 frilled lizards
  8 rats
43 creatures vanquished.

Notes
Turn   | Place    | Note
-------+----------+-------------------------------------------
     0 | D:1      | Klosterheim the Demonspawn Artificer began the quest for
                  | the Orb.
     0 | D:1      | Reached XP level 1. HP: 15/15 MP: 1/1
     8 | D:1      | Reached skill level 1 in Dodging
   188 | D:1      | Gained mutation: Your movements are slightly less
                  | encumbered by armour. (ER -2) [demonic ancestry]
   188 | D:1      | Reached XP level 2. HP: 13/21 MP: 2/2
  1585 | D:2      | Reached XP level 3. HP: 27/27 MP: 3/3
  1758 | D:2      | Noticed Jessica
  1779 | D:2      | Killed Jessica
  1912 | D:2      | Reached XP level 4. HP: 33/33 MP: 4/4
  2386 | D:2      | Found a runed translucent door.
  2387 | D:2      | Noticed Crazy Yiuf
  3031 | D:2      | Slain by Crazy Yiuf

Illustrated notes

Levels and vault maps discovered:
D:1:      onia_arrival_handbag, layout_loops_ring, serial_forest,
          infiniplex_forest_end_1, infiniplex_forest_straight_3,
          infiniplex_forest_lined_room_2, infiniplex_forest_clump_cross,
          infiniplex_forest_corner_2, st_stairs_2, minmay_tetromino_s4
D:2:      layout_basic, uniq_crazy_yiuf_cottage, uniq_jessica

Skill      XL: |  1  2  3 |
---------------+----------+-----
Dodging        | 1 2 |  2.3
Armour         | 2 |  2.8
Fighting       | 2 |  2.5
Stealth        | |  0.8
Evocations     | |  3.0

Action                   |  1- 3 |  4- 6 || total
-------------------------+-------+-------++-------
Melee: Club              |    66 |       ||    66
       Dagger            |    27 |    78 ||   105
Evoke: Wand              |     7 |       ||     7
 Stab: Sleeping          |     2 |     1 ||     3
Armor: Leather armour    |    30 |     9 ||    39
Dodge: Dodged            |    69 |    35 ||   104

Table legend: (Time is in decaauts)
 A = Elapsed time spent in this place.
 B = Non-inter-level travel time spent in this place.
 C = Inter-level travel time spent in this place.
 D = Time resting spent in this place.
 E = Time spent auto-exploring this place.
 F = Levels seen in this place.
 G = Mean time per level.
                   A        B        C        D        E       F      G
               +--------+--------+--------+--------+--------+-----+--------+
         Total |   3050 |   2897 |    153 |    877 |   1678 |   2 | 1525.0 |
       Dungeon |   3050 |   2897 |    153 |    877 |   1678 |   2 | 1525.0 |
               +--------+--------+--------+--------+--------+-----+--------+

Top non-repeatable levels by time:
     D:1: 1560 daAuts
     D:2: 1489 daAuts
